 Dungeon Crawl Stone Soup version 0.30-a0-782-ge64f9170bb (webtiles) character file.

Game seed: 1369672744375820748

6697 senseless the Protected (level 10, -1/83 HPs)
             Began as a Demonspawn Berserker on Mar 16, 2023.
             Was a High Priest of Trog.
             Killed from afar by a tengu conjurer (21 damage)
             ... with a bolt of lightning
             ... on level 8 of the Dungeon.
             The game lasted 00:23:14 (7585 turns).

senseless the Protected (Demonspawn Berserker)      Turns: 7585, Time: 00:23:15

Health: -1/83      AC: 31    Str: 22    XL:     10   Next: 74%
Magic:  0/10       EV:  9    Int:  9    God:    Trog [*****.]
Gold:   365        SH:  0    Dex: 12    Spells: 9/9 levels left

rFire   . . .      SeeInvis .    q - +2 dire flail (drain)
rCold   . . .      Faith    .    (shield currently unavailable)
rNeg    . . .      Spirit   +    i - +8 chain mail
rPois   .          Reflect  .    (helmet restricted)
rElec   .          Harm     .    (no cloak)
rCorr   .          Rampage  .    B - +1 pair of gloves
Will    .....                    o - +2 pair of boots Stlth
                                 f - amulet of guardian spirit
HPRegen 0.33/turn                b - +4 ring of protection
MPRegen 0.24/turn                (no ring)

@: about to teleport
A: horns 1, foul stench 2, magic regeneration, sharp scales 2
a: Renounce Religion, Berserk, Trog's Hand, Brothers in Arms


You were on level 8 of the Dungeon.
You worshipped Trog.
Trog was extremely pleased with you.
You visited 1 branch of the dungeon, and saw 8 of its levels.
You also visited: Sewer and Ossuary.

You collected 378 gold pieces.
You spent 13 gold pieces at shops.

Inventory:

Hand Weapons
 a - a +2 mace of protection
 j - a +0 morningstar
 q - a +2 dire flail of draining (weapon)
 s - a +1 flail of venom
Missiles
 p - 6 javelins (quivered)
 x - 6 poisoned darts
Armour
 i - a +8 chain mail (worn)
 l - a +0 buckler
 o - a +2 pair of boots (worn)
 u - a +0 ring mail of poison resistance
 B - a +1 pair of gloves (worn)
 G - +0 steam dragon scales
Jewellery
 b - a +4 ring of protection (left hand)
 f - an amulet of guardian spirit (around neck)
 D - an amulet of magic regeneration
 J - a ring of ice
Wands
 e - a wand of polymorph (13)
 F - a wand of iceblast (7)
 H - a wand of digging (6)
 K - a wand of charming (8)
Scrolls
 v - 3 scrolls of teleportation
 y - a scroll of fear
 z - 2 scrolls of fog
Potions
 c - 2 potions of heal wounds
 d - a potion of berserk rage
 g - 2 potions of resistance
 h - a potion of haste
 k - 4 potions of attraction
 m - 4 potions of ambrosia
 n - a potion of magic {unknown}
 r - 8 potions of curing
 t - 3 potions of invisibility
 w - 2 potions of flight
 A - a potion of brilliance {unknown}
 C - a potion of mutation {unknown}
 E - a potion of might {unknown}
 I - a potion of lignification {unknown}


   Skills:
 * Level 9.0 Fighting
 * Level 8.2 Maces & Flails
 * Level 9.6 Armour
 + Level 4.3 Dodging
 - Level 1.9 Shields


You had 9 spell levels left.
You didn't know any spells.
Your spell library contained the following spells:

 Spells                   Type           Power      Damage    Failure   Level
 Apportation              Tloc           0%         N/A       94%         1
 Sandblast                Erth           0%         2d4       94%         1
 Cigotuvi's Dreadful Rot  Necr/Pois/Air  0%         N/A       98%         2
 Passwall                 Tmut/Erth      0%         N/A       98%         2
 Poisonous Vapours        Pois/Air       0%         N/A       98%         2
 Dazzling Flash           Conj/Hex       0%         N/A       100%        3
 Frozen Ramparts          Ice            0%         1d1       100%        3
 Ignite Poison            Fire/Tmut/Pois 0%         N/A       100%        3
 Mephitic Cloud           Conj/Pois/Air  0%         N/A       100%        3
 Stone Arrow              Conj/Erth      0%         3d7       100%        3
 Ice Form                 Ice/Tmut       0%         N/A       100%        4
 Sticky Flame             Conj/Fire      0%         2d3       100%        4
 Summon Ice Beast         Ice/Summ       0%         N/A       100%        4
 Agony                    Necr           0%         N/A       100%        5
 Alistair's Intoxication  Tmut/Pois      0%         N/A       100%        5
 Silence                  Hex/Air        0%         N/A       100%        5
 Ignition                 Fire           0%         3d3       100%        8


Dungeon Overview and Level Annotations

Branches:
Dungeon (8/15)             Temple (0/1) D:4            Lair (0/5) D:8
  Sewer (visited)         Ossuary (visited)

Altars:
Kikubaaqudgha

Shops:
D:3 *   D:8 =


Innate Abilities, Weirdness & Mutations

You have a pair of small horns on your head.
You sometimes emit foul miasma when damaged in melee.
You regenerate magic rapidly.
You are mostly covered in razor-sharp scales. (AC +2, Slay +2)


Message History

You closely miss the tengu conjurer. The tengu conjurer barely misses you.
The tengu conjurer misses you. The tengu conjurer closely misses you.
You hit the tengu conjurer. You drain the tengu conjurer.
Your headbutt misses the tengu conjurer.
The tengu conjurer is lightly wounded.
The manticore flicks its tail.
The volley of spikes hits you!
The barbed spikes become lodged in your body.
You hit the tengu conjurer. You headbutt the tengu conjurer.
The tengu conjurer is heavily wounded.
The tengu conjurer barely misses you.
The tengu conjurer pecks you but does no damage.
The tengu conjurer claws you but does no damage.
You miss the tengu conjurer.
The tengu conjurer is heavily wounded.
The tengu conjurer barely misses you.
The tengu conjurer pecks you but does no damage.
The tengu conjurer claws you but does no damage.
The manticore bites you!
* * * LOW HITPOINT WARNING * * *
The manticore claws you.
* * * LOW HITPOINT WARNING * * *
You emit a cloud of foul miasma!
The manticore claws you but does no damage.
As you read the scroll of teleportation, it crumbles to dust.
You feel strangely unstable.
You carefully extract the barbed spikes from your body.
The tengu conjurer hits you but does no damage.
The tengu conjurer pecks you but does no damage.
The tengu conjurer barely misses you.
The manticore is engulfed in dark miasma.
The manticore is poisoned.
The manticore bites you but does no damage.
The manticore barely misses you.
The manticore claws you but does no damage.
You hit the manticore. You drain the manticore.
The manticore is lightly wounded.
The tengu conjurer gestures at you while chanting.
The bolt of lightning hits you!!
You die...

#...##8##...# #...##..
##'#########'###.....#.
#..#.......#..##...>...
####..#.⌠...⌠.#..##..##.#.
#..#..#....⌠..#..##..##)).
#..##.)...⌠...'.###.###..#
#...###..⌠....#####.#.....
#.#..##.⌠.Q.⌠.####..[.###.
#.##.##..@....#..#........
#.##..####H#####..........
#.###..# #O##.............
#..###.# .*o##............
##.# ###.^...##.##........
#.## .......####........
#..# ......... #.........
#.##...H$$(....##........
#.# #........


You could see a two-headed ogre, a manticore (poisoned, drained), a tengu
conjurer (drained), a battlesphere and an orc.

Vanquished Creatures
  A hydra (D:8)
  A two-headed ogre (D:8)
  A gargoyle (D:6)
  Psyche (D:8)
  Eustachio (D:4)
  3 steam dragons (D:8)
  3 water moccasins
  Pargi (Sewer)
  3 orc warriors (D:8)
  A black bear (D:6)
  2 ogres
  4 centaurs
  4 bullfrogs
  15 scorpions
  3 necrophages
  4 wights (D:6)
  11 killer bees
  A howler monkey (D:8)
  3 centaur zombies (Ossuary)
  3 hounds (D:6)
  A human zombie (Ossuary)
  A jelly (D:4)
  A gnoll bouda (D:5)
  6 orc priests
  2 iguanas
  8 orc wizards
  3 scorpion zombies (Ossuary)
  3 mummies (Ossuary)
  8 gnolls
  3 river rats (D:4)
  11 adders
  A shadow imp (D:7)
  2 white imps (D:8)
  A worm (D:3)
  A dart slug (D:2)
  33 orcs
  7 bats
  13 endoplasms
  6 giant cockroaches
  9 goblins
  4 hobgoblins
  5 quokkas
  6 ball pythons
  5 frilled lizards
  2 gnoll zombies (Ossuary)
  3 goblin zombies (Ossuary)
  4 hobgoblin zombies (Ossuary)
  10 kobolds
  A kobold zombie (Ossuary)
  6 orc zombies (Ossuary)
  11 rats
243 creatures vanquished.

Notes
Turn   | Place    | Note
-------+----------+-------------------------------------------
     0 | D:1      | senseless the Demonspawn Berserker began the quest for the
                  | Orb.
     0 | D:1      | Reached XP level 1. HP: 18/18 MP: 1/1
   216 | D:1      | Gained mutation: You may rarely emit foul miasma when
                  | damaged in melee. [demonic ancestry]
   216 | D:1      | Reached XP level 2. HP: 24/24 MP: 2/2
   692 | D:1      | Reached XP level 3. HP: 29/29 MP: 3/3
  1102 | D:2      | Reached ** piety under Trog
  1118 | D:2      | Gained mutation: You have a pair of small horns on your
                  | head. [demonic ancestry]
  1118 | D:2      | Reached XP level 4. HP: 27/35 MP: 4/4
  1193 | D:2      | Found an ancient bone altar of Kikubaaqudgha.
  1910 | D:3      | Gained mutation: You are partially covered in razor-sharp
                  | scales. (AC +1, Slay +1) [demonic ancestry]
  1910 | D:3      | Reached XP level 5. HP: 38/42 MP: 5/5
  2096 | D:3      | Reached *** piety under Trog
  2171 | D:3      | Found Jeoruw's General Store.
  2203 | D:3      | Bought a potion of degeneration for 13 gold pieces
  2588 | D:4      | Found a staircase to the Ecumenical Temple.
  2634 | D:4      | Gained mutation: You regenerate magic rapidly. [demonic
                  | ancestry]
  2634 | D:4      | Reached XP level 6. HP: 48/48 MP: 6/6
  2867 | D:4      | Gained mutation: You are mostly covered in razor-sharp
                  | scales. (AC +2, Slay +2) [demonic ancestry]
  2867 | D:4      | Reached XP level 7. HP: 47/55 MP: 7/7
  2905 | D:4      | Found a glowing drain.
  2913 | Sewer    | Entered a sewer
  2991 | Sewer    | Noticed Pargi
  3001 | Sewer    | Killed Pargi
  3002 | Sewer    | Reached skill level 5 in Armour
  3319 | D:4      | Reached skill level 5 in Fighting
  3449 | D:4      | Noticed Eustachio
  3455 | D:4      | Killed Eustachio
  3455 | D:4      | Reached **** piety under Trog
  3683 | D:4      | Reached skill level 5 in Maces & Flails
  3683 | D:4      | Reached XP level 8. HP: 56/63 MP: 8/8
  3717 | D:5      | Entered Level 5 of the Dungeon
  4483 | D:6      | Noticed a gargoyle
  4499 | D:6      | Killed a gargoyle
  4618 | D:6      | Gained mutation: You sometimes emit foul miasma when
                  | damaged in melee. [demonic ancestry]
  4618 | D:6      | Reached XP level 9. HP: 71/71 MP: 9/9
  4941 | D:6      | Found a sand-covered staircase.
  4950 | Ossuary  | Entered an ossuary
  5007 | Ossuary  | Reached skill level 1 in Shields
  5292 | Ossuary  | Reached ***** piety under Trog
  6291 | D:7      | Found an ancient bone altar of Kikubaaqudgha.
  6307 | D:7      | Reached XP level 10. HP: 80/80 MP: 10/10
  6874 | D:8      | Found a staircase to the Lair.
  7230 | D:8      | Noticed a two-headed ogre
  7241 | D:8      | Killed a two-headed ogre
  7318 | D:8      | Found Caiheim's Jewellery Shoppe.
  7385 | D:8      | Noticed Psyche
  7392 | D:8      | Killed Psyche
  7556 | D:8      | Noticed a manticore
  7562 | D:8      | Noticed a two-headed ogre
  7565 | D:8      | Noticed a five-headed hydra
  7574 | D:8      | Killed a five-headed hydra
  7585 | D:8      | Killed from afar by a tengu conjurer

Illustrated notes

Levels and vault maps discovered:
D:1:      roderic_octagonal_star, layout_basic, minmay_pentomino_o4
D:2:      layout_basic, basic_altar
D:3:      layout_rooms, serial_shops, nicolae_shop_crystal
D:4:      layout_gridville, minmay_temple_entry_mini_moons,
          lightli_sewer_entry_pipes, kennysheep_diamond, minmay_cupped,
          uniq_eustachio
D:5:      layout_basic
D:6:      layout_basic, nicolae_ossuary_entry_ruins
D:7:      layout_loops_ring, mainiacjoe_overflow_surrounded_room,
          minmay_misc_feat_more_columns
D:8:      minmay_chambers_of_sevens, layout_rooms, serial_shops,
          nicolae_shop_behind_doors, blue_anna_alchemist, uniq_psyche

Skill      XL: |  1  2  3  4  5  6  7  8  9 10 |
---------------+-------------------------------+-----
Dodging        | 2 3 4 |  4.3
Armour         | 2 3 4 6 7 8 9 |  9.6
Maces & Flails | 3 4 5 6 7 8 |  8.2
Fighting       | 4 5 6 7 9 |  9.0
Shields        | 1 |  1.9

Action                     |  1- 3 |  4- 6 |  7- 9 | 10-12 || total
---------------------------+-------+-------+-------+-------++-------
  Melee: Mace              |   108 |    93 |   160 |       ||   361
         Punch             |     1 |     1 |     1 |       ||     3
         Headbutt          |       |    33 |    77 |    17 ||   127
         Morningstar       |       |    96 |    45 |       ||   141
         Flail             |       |       |    96 |       ||    96
         Dire flail        |       |       |    67 |   120 ||   187
 Invoke: Berserk           |       |       |     3 |       ||     3
    Use: Scroll            |       |    11 |    11 |     3 ||    25
 Armour: Animal skin       |     5 |       |       |       ||     5
         Chain mail        |    64 |   152 |   329 |   147 ||   692
  Dodge: Dodged            |    60 |    89 |   215 |    96 ||   460

Table legend: (Time is in decaauts)
 A = Elapsed time spent in this place.
 B = Non-inter-level travel time spent in this place.
 C = Inter-level travel time spent in this place.
 D = Time resting spent in this place.
 E = Time spent auto-exploring this place.
 F = Levels seen in this place.
 G = Mean time per level.
                   A        B        C        D        E       F      G
               +--------+--------+--------+--------+--------+-----+--------+
         Total |   7754 |   7467 |    287 |    485 |   4958 |  10 |  775.4 |
       Dungeon |   7070 |   6783 |    287 |    485 |   4562 |   8 |  883.8 |
         Sewer |    163 |    163 |      0 |      0 |    113 |   1 |  163.0 |
       Ossuary |    521 |    521 |      0 |      0 |    283 |   1 |  521.0 |
               +--------+--------+--------+--------+--------+-----+--------+

Top non-repeatable levels by time:
     D:4: 1165 daAuts
     D:1: 1026 daAuts
     D:6: 1024 daAuts
     D:7: 947 daAuts
     D:2: 843 daAuts
     D:3: 706 daAuts
     D:8: 705 daAuts
     D:5: 651 daAuts
 Ossuary: 521 daAuts
   Sewer: 163 daAuts
